 Dungeon Crawl Stone Soup version 0.23.1 (webtiles) character file.

Game seed: 6692538751449149413

893 Kairos the Covert (level 8, -3/40 HPs)
             Began as a Vine Stalker Assassin on Mar 10, 2019.
             Was a Follower of Uskayaw.
             Slain by a mummy (11 damage)
             ... in an ossuary.
             The game lasted 00:08:33 (4838 turns).

Kairos the Covert (Vine Stalker Assassin)           Turns: 4838, Time: 00:08:34

Health: -3/40      AC:  3    Str: 16    XL:     8   Next: 6%
Magic:  0/9        EV: 12    Int: 11    God:    Uskayaw [*.....]
Gold:   323        SH:  4    Dex: 16    Spells: 6/7 levels left

rFire    . . .     SeeInvis .   u - +2 short sword (elec)
rCold    . . .     Gourm    .   p - +0 buckler
rNeg     . . .     Faith    .   B - +0 robe {MR+}
rPois    .         Spirit   +   (no helmet)
rElec    .         Reflect  .   d - +0 cloak
rCorr    +         Harm     .   (no gloves)
MR       ++...                  (no boots)
Stlth    ++++......             (no amulet)
HPRegen  0.53/turn              C - ring of resist corrosion
MPRegen  0.11/turn              (no ring)

@: no status effects
A: fangs 3, regeneration 1, magic shield, antimagic bite, no potion heal 3, rot
immunity
a: Stomp, Renounce Religion


You were in an ossuary.
You worshipped Uskayaw.
Uskayaw was noncommittal.
You were very hungry.

You visited 2 branches of the dungeon, and saw 7 of its levels.
You also visited: Ossuary.

You collected 323 gold pieces.

Inventory:

Hand Weapons
 a - a +4 dagger
 b - a +0 blowgun
 u - a +2 short sword of electrocution (weapon)
 x - a +1 dagger of protection
 F - a +1 mace of draining
Missiles
 e - 46 poisoned needles
 f - 2 curare-tipped needles
 j - 6 needles of paralysis
 y - 5 tomahawks (quivered)
Armour
 d - a +0 cloak (worn)
 p - a +0 buckler (worn)
 B - a +0 robe of magic resistance (worn)
Jewellery
 C - a ring of resist corrosion (left hand)
Scrolls
 c - a scroll of teleportation {unknown}
 h - a scroll of random uselessness {unknown}
 i - 2 scrolls of fog
 o - 6 scrolls of remove curse
 r - 2 scrolls of noise {unknown}
 v - 2 scrolls of immolation {unknown}
 w - 3 scrolls of fear {unknown}
 D - a scroll of identify
 E - a scroll of blinking {unknown}
Potions
 k - a potion of heal wounds {unknown}
 l - a potion of brilliance
 m - 2 potions of degeneration
 n - 3 potions of haste
 q - 2 potions of mutation {unknown}
 s - a potion of might {unknown}
 t - a potion of curing {unknown}
 z - a potion of agility {unknown}
 A - a potion of lignification {unknown}
Comestibles
 g - 10 rations


   Skills:
 + Level 3.2 Fighting
 * Level 4.7 Short Blades
 + Level 1.9 Throwing
 + Level 2.0 Dodging
 * Level 9.3 Stealth
 + Level 0.8 Shields


You had 6 spell levels left.
You knew the following spells:

 Your Spells              Type           Power        Failure   Level  Hunger
a - Corona                Hex            #......      47%         1    ##.....

Your spell library contained the following spells:

 Spells                   Type           Power        Failure   Level  Hunger
 Ensorcelled Hibernation  Hex/Ice        #.....       63%         2    ###....
 Confuse                  Hex            #.......     85%         3    ####...
 Dazzling Spray           Conj/Hex       #.....       85%         3    ####...
 Tukima's Dance           Hex            #.......     85%         3    ####...


Dungeon Overview and Level Annotations

Branches:
Dungeon (6/15)             Temple (1/1) D:5

Altars:
Ashenzari
Cheibriados
Dithmenos
Fedhas
Gozag
Hepliaklqana
Kikubaaqudgha
Makhleb
Nemelex Xobeh
Okawaru
Qazlal
Ru
Sif Muna
Uskayaw
Vehumet
Wu Jian
Yredelemnul

Annotations:
D:4 3 runed translucent doors, Miyamura's ghost, amateur GnWn


Innate Abilities, Weirdness & Mutations

You have razor-sharp teeth.
Your natural rate of healing is unusually fast.
When hurt, damage is shared between your health and your magic reserves.
Your bite disrupts and absorbs the magic of your enemies.
Potions cannot restore your health.
You are immune to rotting.


Message History

There is an empty arch of ancient stone here.
Okay, then.
Drop what? 32/52 slots (_ for help) (? for menu, Esc to quit)
Okay, then.
C - a ring of resist corrosion (left hand)
The mummy closely misses you. The mummy hits you!
You hit the mummy. Lightning courses through the mummy!
You bite the mummy, but do no damage.
The mummy is heavily damaged.
You barely miss the mummy.
The mummy is heavily damaged.
The mummy hits you!! The mummy hits you!
* * * LOW HITPOINT WARNING * * *
The mummy barely misses you.
You hit the mummy. You bite the mummy.
You destroy the mummy!
You hit the mummy.
The mummy is moderately damaged.
The mummy hits you!
You die...

#####
##...##
#.....#
#.M@M.#
#.....#
#.....#
#..∩..#
#.....#
#..∩..#
#.....#
#...^.#
#.....#


You could see 2 mummies.

Vanquished Creatures
  Edmund (D:4)
  A bullfrog (D:5)
  2 elf skeletons (D:6)
  A scorpion (D:4)
  A crimson imp (D:5)
  A centaur zombie (D:5)
  2 orc wizards (D:4)
  3 orc priests
  5 worker ants
  A hound skeleton (D:4)
  A mummy (Ossuary)
  3 adders (D:3)
  3 gnolls (D:4)
  2 shadow imps (D:5)
  An ooze (D:3)
  4 worms
  2 dart slugs
  4 leopard geckos
  11 orcs
  3 ball pythons
  4 giant cockroaches
  12 goblins
  6 hobgoblins
  3 jackals (D:1)
  A quokka (D:3)
  6 bats
  5 frilled lizards
  8 kobolds
  4 orc skeletons (D:6)
  A quokka skeleton (D:4)
  10 rats
112 creatures vanquished.

Notes
Turn   | Place    | Note
-------+----------+-------------------------------------------
     0 | D:1      | Kairos the Vine Stalker Assassin began the quest for the
                  | Orb.
     0 | D:1      | Reached XP level 1. HP: 11/11 MP: 2/2
    59 | D:1      | Reached skill level 5 in Stealth
   541 | D:1      | Reached XP level 2. HP: 12/15 MP: 3/3
   971 | D:1      | Reached XP level 3. HP: 11/18 MP: 2/4
  1725 | D:2      | Reached skill level 1 in Dodging
  1725 | D:2      | Reached skill level 6 in Stealth
  1725 | D:2      | Gained mutation: Your natural rate of healing is unusually
                  | fast. [Vine Stalker growth]
  1725 | D:2      | Reached XP level 4. HP: 11/23 MP: 2/5
  1770 | D:2      | Found a shadowy altar of Dithmenos.
  2077 | D:3      | Reached XP level 5. HP: 8/26 MP: 3/6
  2179 | D:3      | Learned a level 1 spell: Corona
  2355 | D:3      | Found a deep blue altar of Sif Muna.
  2357 | D:3      | Found a blossoming altar of Fedhas.
  2357 | D:3      | Found a basalt altar of Yredelemnul.
  3076 | D:4      | Found a runed translucent gate.
  3284 | D:4      | Found a runed translucent gate.
  3284 | D:4      | Found a runed translucent gate.
  3460 | D:4      | Reached XP level 6. HP: 32/32 MP: 5/7
  3462 | D:4      | Reached skill level 7 in Stealth
  3662 | D:4      | Noticed Miyamura's ghost (amateur GnWn)
  3688 | D:4      | Noticed Edmund
  3700 | D:4      | Killed Edmund
  3700 | D:4      | Reached skill level 8 in Stealth
  3700 | D:4      | Reached XP level 7. HP: 19/35 MP: 4/8
  4043 | D:5      | Entered Level 5 of the Dungeon
  4220 | D:5      | Found a hazy altar of Hepliaklqana.
  4465 | D:5      | Found a staircase to the Ecumenical Temple.
  4471 | D:5      | Reached skill level 9 in Stealth
  4474 | Temple   | Entered the Ecumenical Temple
  4544 | Temple   | Became a worshipper of Uskayaw the Reveler
  4714 | D:6      | Reached * piety under Uskayaw
  4753 | D:6      | Reached ** piety under Uskayaw
  4786 | D:6      | Found a sand-covered staircase.
  4794 | D:6      | Gained mutation: You have razor-sharp teeth. [Vine Stalker
                  | growth]
  4794 | D:6      | Reached XP level 8. HP: 28/40 MP: 6/9
  4830 | Ossuary  | Entered an ossuary
  4838 | Ossuary  | Slain by a mummy

Skill      XL: |  1  2  3  4  5  6  7 |
---------------+----------------------+-----
Stealth        | 5 6 8 9 |  9.3
Fighting       | 2 3 |  3.2
Short Blades   | 2 3 4 |  4.7
Dodging        | 1 2 |  2.0
Throwing       | |  1.9
Shields        | |  0.8

Action                   |  1- 3 |  4- 6 |  7- 9 || total
-------------------------+-------+-------+-------++-------
Melee: Dagger            |    81 |       |       ||    81
       Bite              |    19 |    26 |    18 ||    63
       Short sword       |       |   149 |    70 ||   219
  Use: Scroll            |       |     5 |     4 ||     9
 Stab: Sleeping          |     6 |    15 |     9 ||    30
       Distracted        |     1 |       |       ||     1
  Eat: Chunk             |     2 |     7 |     2 ||    11
Armor: Robe              |    12 |    21 |     5 ||    38
Dodge: Dodged            |    36 |    56 |    16 ||   108
Block: Buckler           |     9 |    17 |     8 ||    34
